 Dungeon Crawl Stone Soup version 0.29.1-15-g9cfb28693d (webtiles) character file.

Game seed: 9343261197463278547

7312 Jase the Martial Artist (level 10, -22/83 HPs)
             Began as a Red Draconian Transmuter on Mar 27, 2023.
             Was a Believer of Wu Jian.
             Annihilated by an orc knight
             ... wielding a +0 glaive
              (34 damage)
             ... in a bailey.
             The game lasted 00:48:26 (9414 turns).

Jase the Martial Artist (Red Draconian Transmuter)  Turns: 9414, Time: 00:48:27

Health: -22/83     AC: 10    Str: 23    XL:     10   Next: 90%
Magic:  11/13      EV: 13    Int: 20    God:    Wu Jian [**....]
Gold:   1426       SH:  0    Dex: 12    Spells: 7/13 levels left

rFire   + + .      SeeInvis .     - Unarmed
rCold   . . .      Faith    .   (no shield)
rNeg    . . .      Spirit   .   (body armour unavailable)
rPois   .          Reflect  .   (helmet currently unavailable)
rElec   .          Harm     .   (no cloak)
rCorr   .          Rampage  .   v - +2 pair of gloves of Analysis {Str+5 Int+2}
Will    .....                   (boots currently unavailable)
Stlth   +.........              c - amulet of regeneration
HPRegen 1.03/turn               H - +6 ring of strength
MPRegen 0.13/turn               F - ring of protection from fire

@: appendages, wereblooded
A: horns 2, talons 2, breathe fire, AC +7, unfitting armour, fire resistance 1,
cold-blooded
a: Breathe Fire, End Transformation, Renounce Religion, Wall Jump


You were in a bailey.
You worshipped Wu Jian.
Wu Jian was pleased with you.
You had temporarily grown beastly horns and talons.
You visited 2 branches of the dungeon, and saw 11 of its levels.
You also visited: Sewer and Bailey.

You collected 1608 gold pieces.
You spent 182 gold pieces at shops.

Inventory:

Hand Weapons
 G - a +0 scimitar of flaming
Missiles
 g - 117 stones
 l - 6 boomerangs
 m - 27 poisoned darts (quivered)
 n - 6 datura-tipped darts
 B - 4 curare-tipped darts
 K - 4 silver javelins
Armour
 v - the +2 pair of gloves of Analysis (worn) {Str+5 Int+2}
   (You found it on level 5 of the Dungeon)

   Str:       It affects your strength (+5).
   Int:       It affects your intelligence (+2).
Magical Staves
 w - a staff of fire
Jewellery
 c - an amulet of regeneration (around neck)
 t - a ring of positive energy
 A - a ring of ice
 F - a ring of protection from fire (right hand)
 H - a +6 ring of strength (left hand)
Wands
 s - a wand of light (12)
 u - a wand of polymorph (4)
 C - a wand of flame (20)
 E - a wand of iceblast (16)
 J - a wand of digging (3)
Scrolls
 d - 6 scrolls of blinking
 e - a scroll of enchant armour
 i - 2 scrolls of teleportation
 j - 2 scrolls of amnesia
 o - a scroll of silence {unknown}
 x - 2 scrolls of brand weapon {unknown}
 y - 3 scrolls of fear
 D - a scroll of poison {unknown}
 L - a scroll of torment {unknown}
Potions
 a - 4 potions of lignification
 b - a potion of berserk rage
 f - 5 potions of heal wounds
 h - 7 potions of curing
 k - 5 potions of brilliance
 p - a potion of flight
 q - 2 potions of ambrosia
 r - 4 potions of mutation
 z - a potion of invisibility
 I - a potion of attraction
 M - a potion of resistance {unknown}


   Skills:
 + Level 6.0 Fighting
 - Level 5.0 Dodging
 * Level 11.8 Unarmed Combat
 - Level 2.0 Spellcasting
 + Level 9.2 Transmutations
 - Level 4.0 Poison Magic


You had 7 spell levels left.
You knew the following spells:

 Your Spells              Type           Power      Damage    Failure   Level
a - Beastly Appendage     Tmut           76%        N/A       1%          1
b - Wereblood             Tmut           38%        N/A       1%          2
c - Spider Form           Tmut/Pois      28%        N/A       3%          3

Your spell library contained the following spells:

 Spells                   Type           Power      Damage    Failure   Level
 Sting                    Tmut/Pois      100%       1d8       1%          1
 Apportation              Tloc           4%         N/A       16%         1
 Magic Dart               Conj           8%         1d3       16%         1
 Necrotise                Necr           8%         1d4       16%         1
 Summon Small Mammal      Summ           8%         N/A       16%         1
 Searing Ray              Conj           4%         2d4       24%         2
 Ice Form                 Ice/Tmut       20%        N/A       24%         4
 Alistair's Intoxication  Tmut/Pois      18%        N/A       28%         5
 Confusing Touch          Hex            2%         N/A       43%         3
 Gell's Gravitas          Tloc           2%         N/A       43%         3
 Lesser Beckoning         Tloc           2%         N/A       43%         3
 Teleport Other           Tloc           2%         N/A       43%         3
 Yara's Violent Unravell  Hex/Tmut       10%        3d6       54%         5
 Anguish                  Hex/Necr       1%         N/A       83%         4
 Fulminant Prism          Conj/Hex       1%         3d6       83%         4
 Dispersal                Tloc           1%         N/A       100%        6
 Enfeeble                 Hex            1%         N/A       100%        7


Dungeon Overview and Level Annotations

Branches:
Dungeon (10/15)            Temple (1/1) D:7           Sewer (visited)
 Bailey (1/1)
   Lair: D:8-11         Orc: D:9-12

Altars:
Ashenzari
Dithmenos
Gozag
Hepliaklqana
Nemelex Xobeh
Qazlal
Sif Muna
Vehumet
Wu Jian
Xom
Yredelemnul
Zin
The Shining One

Shops:
D:3 !   D:4 :   D:8 (   D:10 [

Annotations:
D:5 3 runed translucent doors, emalcxe's ghost, amateur TrBe; nroviw's ghost, novice MiFi
D:7 1 exclusion, Dowan


Innate Abilities, Weirdness & Mutations

You have temporarily grown beastly horns and talons.
You can breathe blasts of fire.
Your fiery red scales are hard. (AC +7)
You cannot fit into any form of body armour.
Your flesh is heat resistant. (rF+)
You are cold-blooded and may be slowed by cold attacks.


Message History

Okay, then.
Unknown command.
Okay, then.
Unknown command.
You enter the shallow water.
Moving in this stuff is going to be slow.
Things that are here:
a +0 halberd; a +0 scale mail
There is an open door here.
You enter the shallow water.
Moving in this stuff is going to be slow.
You open the gate.
Found a scroll of acquirement.
Found two gates leading back out of this place.
There is an open gate here.
N - a scroll of acquirement Something appears at your feet!
You now have enough gold to buy a book of the Dragon on D:4.
You can access your shopping list by pressing '$'.
You now have 1426 gold pieces (gained 939).
Casting: Beastly Appendage (safe; 1% risk of failure)
Confirm with . or Enter, or press ? or * to list all spells.
Your blood is infused with primal strength.
You open the door.
An orc and 3 orc knights come into view.
The orc shouts!
The orc knight shouts! x3
The orc knight roars a battlecry!
The orcs go into a battle-frenzy!
The orc knight roars a battlecry!
The orc knight goes into a battle-frenzy!
Found a runed shortbow and a staff of fire.
Unknown command.
The orc knight hits you from afar with a +0 glaive!!!
Ouch! That really hurt!
There is a gate leading back out of this place, spattered with blood here.
Unknown command.
The orc knight hits you from afar with a +0 glaive!!
* * * LOW HITPOINT WARNING * * *
The orc knight hits you from afar with a +0 glaive!!
You die...

)~~~~~~~~~##~~~~~~~##~~~~~~~~~...
.~~~~~~~~##~~#'#'#~~##~~~~~~~~...
.~~~~~~~~#~~##.#.##~~#~~~~~~~~...
.~~~~~~~##~#########~##~~~~~~~...
.~~~~~~~##~'.#|.)#)'~##~~~~~~~...
.~~~~~~~##)###o8.###)##~~~~~~~...
.~~~~~~~##~'.#oo.#.'~##~~~~~~~...
.~~~~~~~##~####o####~##~~~~~~~...
.~~~~~~~##~~##∩.@##~~#~~~~~~~~...
.~~~~~~~~~~~##'''#~~##~~~~~~~~...
.~~~~~~~~~~~##~~~~~##~~~~~~~~~...
.~≈≈~≈≈≈~~~~##~~~~##~~~≈≈≈)≈≈~...
.≈≈#.##≈~~~~#######~~~~≈##.#≈≈...
.≈##.∩#≈~~~~~~~~~~~~~~~≈#∩)##≈...
.≈#....)~~~~~~~~~~~~~~~~....#≈)..
.≈##.##≈~~~~~~~~~~~~~~~≈##.##≈...
.≈≈###≈≈~~~~~~~~~~~~~~~≈≈###≈≈...


You could see 3 orc knights and an orc (strong).

Vanquished Creatures
  Erica (D:8)
  Pikel (D:9)
  A cyclops (D:7)
  Joseph (D:8)
  Maggie (D:7)
  A troll (D:10)
  Grinder (D:6)
  Prince Ribbit (D:9)
  5 yaks (D:10)
  A wraith (D:9)
  A steam dragon (D:8)
  An acid dragon (D:9)
  3 water moccasins
  6 orc warriors
  3 ice beasts (D:6)
  2 ogres
  2 centaurs
  3 phantoms
  4 lemures (D:9)
  3 kobold brigands
  A bullfrog (D:8)
  4 scorpions
  A gnoll sergeant (D:10)
  8 wights
  3 hounds
  A jelly (D:6)
  A gnoll bouda (D:8)
  4 orc priests
  3 iguanas
  6 orc wizards
  12 gnolls
  3 adders
  A river rat (D:6)
  A shadow imp (D:6)
  A white imp (D:8)
  2 ufetubi (D:6)
  A worm (D:3)
  6 dart slugs
  42 orcs
  7 endoplasms
  2 giant cockroaches
  16 goblins
  9 hobgoblins
  2 jackals (Sewer)
  4 quokkas
  8 ball pythons
  8 bats
  2 frilled lizards
  23 kobolds
  5 rats
229 creatures vanquished.

Vanquished Creatures (others)
  A fungus (D:4)
1 creature vanquished.

Grand Total: 230 creatures vanquished

Notes
Turn   | Place    | Note
-------+----------+-------------------------------------------
     0 | D:1      | Jase the Draconian Transmuter began the quest for the Orb.
     0 | D:1      | Reached XP level 1. HP: 16/16 MP: 3/3
   182 | D:1      | Reached XP level 2. HP: 20/23 MP: 3/5
   365 | D:1      | Learned a level 2 spell: Wereblood
   614 | D:1      | Reached XP level 3. HP: 29/29 MP: 4/6
   618 | D:1      | Learned a level 3 spell: Spider Form
   861 | D:1      | Found a faded altar of an unknown god.
  1707 | D:2      | Reached XP level 4. HP: 36/36 MP: 5/7
  2208 | D:3      | Found Sygoel's Distillery.
  2213 | D:3      | Bought a potion of flight for 39 gold pieces
  2213 | D:3      | Bought a potion of ambrosia for 104 gold pieces
  2213 | D:3      | Bought a potion of curing for 39 gold pieces
  2526 | D:4      | Reached skill level 1 in Poison Magic
  2657 | D:4      | Found a glowing silver altar of Zin.
  2862 | D:4      | Noticed a phantom
  2868 | D:4      | Reached XP level 5. HP: 42/42 MP: 4/8
  2883 | D:4      | Killed a phantom
  2884 | D:4      | Reached skill level 4 in Unarmed Combat
  3078 | D:4      | Found Ymmail's Book Shop.
  3107 | D:4      | Noticed an ogre
  3116 | D:4      | Killed an ogre
  3117 | D:4      | Reached XP level 6. HP: 25/51 MP: 6/9
  3279 | D:5      | Entered Level 5 of the Dungeon
  3438 | D:3      | Found a stormy altar of Qazlal.
  3582 | D:5      | Found a radiant altar of Vehumet.
  3858 | D:5      | Reached skill level 5 in Transmutations
  3882 | D:5      | Identified the +2 pair of gloves of Analysis {Str+5 Int+2}
  3941 | D:5      | Found a runed translucent gate.
  3944 | D:5      | Found a runed translucent gate.
  3945 | D:5      | Found a runed translucent gate.
  3946 | D:5      | Noticed emalcxe's ghost (amateur TrBe)
  3946 | D:5      | Noticed nroviw's ghost (novice MiFi)
  4052 | D:5      | Your scales start taking on a fiery red colour.
  4052 | D:5      | Reached XP level 7. HP: 28/57 MP: 10/10
  4052 | D:5      | Gained mutation: Your flesh is heat resistant. (rF+) [Red
                  | Draconian growth]
  4249 | D:6      | Reached skill level 5 in Unarmed Combat
  4306 | D:6      | Found a glowing drain.
  4310 | Sewer    | Entered a sewer
  4644 | D:6      | Reached skill level 6 in Unarmed Combat
  4644 | D:6      | Reached XP level 8. HP: 66/66 MP: 11/11
  4998 | D:6      | Noticed Grinder
  5015 | D:6      | Paralysed by Grinder for 2 turns
  5017 | D:6      | Killed Grinder
  5018 | D:6      | Reached skill level 7 in Unarmed Combat
  5714 | D:7      | Found a staircase to the Ecumenical Temple.
  5724 | Temple   | Entered the Ecumenical Temple
  5724 | Temple   | Noticed a cacodemon
  5724 | Temple   | Noticed a cacodemon
  5724 | Temple   | Noticed a red devil
  5724 | Temple   | Noticed a blizzard demon
  5724 | Temple   | Noticed an orange demon
  5725 | Temple   | Noticed Volydewn the pandemonium lord
  5725 | Temple   | Noticed Riseravo the pandemonium lord
  5725 | Temple   | Noticed an Executioner
  5754 | Temple   | Noticed a soul eater
  5755 | Temple   | Noticed Firow the pandemonium lord
  5756 | Temple   | Noticed a hell beast
  5769 | Temple   | Became a worshipper of the Wu Jian Council
  5775 | Temple   | Noticed Momeos the pandemonium lord
  5832 | D:7      | Noticed Maggie
  5865 | D:7      | Reached XP level 9. HP: 71/71 MP: 12/12
  5937 | D:7      | Noticed a cyclops
  5955 | D:7      | Killed a cyclops
  5956 | D:7      | Reached skill level 8 in Unarmed Combat
  5997 | D:7      | Noticed Dowan
  6099 | D:7      | Killed Maggie
  6143 | D:7      | Found a broken altar of Ashenzari.
  6419 | D:8      | Reached skill level 9 in Unarmed Combat
  6472 | D:8      | Noticed Joseph
  6536 | D:8      | Reached * piety under Wu Jian
  6618 | D:8      | Noticed Erica
  6636 | D:8      | Killed Erica
  6637 | D:8      | Reached skill level 5 in Fighting
  6709 | D:8      | Reached skill level 10 in Unarmed Combat
  7184 | D:8      | Killed Joseph
  7185 | D:8      | Reached XP level 10. HP: 68/81 MP: 13/13
  7527 | D:8      | Found Feudd's Weapon Emporium.
  7893 | D:9      | Noticed Pikel
  7914 | D:9      | Killed Pikel
  8239 | D:9      | Reached skill level 11 in Unarmed Combat
  8324 | D:9      | Got the Commentary on Poisoning
  8595 | D:9      | Noticed Prince Ribbit
  8611 | D:9      | Killed Prince Ribbit
  8743 | D:10     | Entered Level 10 of the Dungeon
  8807 | D:10     | Found Qoli's Armour Shop.
  8868 | D:10     | Reached ** piety under Wu Jian
  8906 | D:10     | Found a flagged portal.
  8943 | Bailey   | Entered a bailey
  9253 | Bailey   | Reached skill level 5 in Dodging
  9409 | Bailey   | Acquired 939 gold pieces
  9412 | Bailey   | Noticed an orc knight
  9412 | Bailey   | Noticed an orc knight
  9412 | Bailey   | Noticed an orc knight
  9414 | Bailey   | Annihilated by an orc knight

Illustrated notes

Levels and vault maps discovered:
D:1:      psy_arrival_basics, layout_rooms,
          shapermc_ecumenical_altar_hornbeckon, chequers_arboretum,
          dk_noncrumbling_3
D:2:      layout_basic
D:3:      layout_basic, nicolae_overflow_hidden_temple, serial_shops, shop,
          minmay_crystal_water
D:4:      layout_loops_ring, mainiacjoe_overflow_cross_hatched, serial_shops,
          nicolae_shop_stone
D:5:      layout_basic, vehumet_crystals, gammafunk_ghost_cemetery
D:6:      layout_basic, gup_sewer_entry_bowl, hangedman_abyss_or_decor_stagger,
          minmay_diced_spiral, uniq_grinder
D:7:      layout_rooms, ashenzari_conservatory_becter, temple_hall, uniq_maggie,
          uniq_duvessa
D:8:      layout_basic, serial_shops, shop, minmay_misc_feat_hallway,
          uniq_erica, uniq_joseph
D:9:      layout_basic, uniq_prince_ribbit1, uniq_pikel
D:10:     layout_roguey, serial_shops, kennysheep_mini_moat, enter_bailey_4
Temple:   nicolae_temple_panitentiary
Bailey:   bailey_polearm_2, bailey

Skill      XL: |  1  2  3  4  5  6  7  8  9 10 |
---------------+-------------------------------+-----
Transmutations | 3 4 5 6 8 9 |  9.2
Fighting       | 2 3 4 5 6 |  6.0
Poison Magic   | 1 2 3 4 |  4.0
Unarmed Combat | 4 6 7 10 11 | 11.8
Dodging        | 3 4 5 |  5.0
Spellcasting   | |  2.0

Action                   |  1- 3 |  4- 6 |  7- 9 | 10-12 || total
-------------------------+-------+-------+-------+-------++-------
Melee: Unarmed           |   118 |   145 |   154 |   128 ||   545
       Kick              |    30 |    34 |    39 |    37 ||   140
       Tailslap          |     7 |    16 |    33 |    13 ||    69
       Headbutt          |    10 |    15 |    21 |    20 ||    66
       Punch             |       |     4 |     7 |    10 ||    21
Throw: Dart              |       |       |     9 |       ||     9
 Cast: Beastly Appendage |    26 |    25 |    32 |    20 ||   103
       Wereblood         |       |     3 |     2 |     7 ||    12
       Spider Form       |       |     1 |       |       ||     1
Invok: Lunge             |       |       |    14 |    18 ||    32
       Whirlwind         |       |       |       |     7 ||     7
 Abil: Breathe Fire      |       |       |    37 |    23 ||    60
       Wall Jump         |       |       |       |     1 ||     1
  Use: Scroll            |       |     8 |     5 |     3 ||    16
 Stab: Sleeping          |     1 |     1 |       |       ||     2
Armor: Skin              |    36 |    37 |    45 |    33 ||   151
Dodge: Dodged            |    54 |    78 |    74 |    95 ||   301
